TOP OF THE 1ST |
Kingston Township Knights batting - Pitching for San Mateo Dirty Reds : LHP Sylvain Richard
|
Pitching: LHP Sylvain Richard
|
|
Batting: RHB Glenn Curtis
|
0-0: DOUBLE (Groundball, 3L, EV 110.6 MPH)
|
Batting: RHB Daniel McCoy
|
0-0: Ball 1-0: Ball 2-0: Ball 3-0: Called Strike 3-1: Base on Balls
|
Batting: RHB Amor Campos
|
0-0: Called Strike 0-1: Foul Ball, location: 2F 0-2: Ball 1-2: Foul Ball, location: 2F 1-2: Fly out, F9 (Flyball, 9LS, EV 73.8 MPH)
|
Batting: RHB Tom Rowland
|
0-0: Called Strike 0-1: Hit by Pitch Glenn Curtis to third Daniel McCoy to second
|
Batting: RHB Seong-ho Chong
|
0-0: Called Strike 0-1: Swinging Strike Balk! Glenn Curtis scores Daniel McCoy to third Tom Rowland to second 0-2: Ball 1-2: Foul Ball, location: 2F 1-2: Foul Ball, location: 2F 1-2: Ball 2-2: Foul Ball, location: 2F 2-2: Foul Ball, location: 2F 2-2: Strikes out swinging
|
Batting: RHB Dave Broom
|
0-0: Called Strike 0-1: Ball 1-1: Ball 2-1: SINGLE (Line Drive, 4M, EV 100.0 MPH) Daniel McCoy scores Tom Rowland to third
|
Batting: LHB Ed Mellor
|
0-0: Swinging Strike 0-1: Foul Ball, location: 2F 0-2: Strikes out looking
|
Top of the 1st over - 2 runs, 2 hits, 0 errors, 2 left on base; Kingston Township 2 - San Mateo 0 |
BOTTOM OF THE 1ST |
San Mateo Dirty Reds batting - Pitching for Kingston Township Knights : RHP Jin-oong Mae
|
Pitching: RHP Jin-oong Mae
|
|
Batting: SHB Shiki Sanu
|
0-0: SINGLE (Flyball, 7LM, EV 90.0 MPH)
|
Batting: RHB Kawenaula Alohalani
|
0-0: Ball 1-0: Foul Ball, location: 2F 1-1: Called Strike 1-2: Ball 2-2: Ball 3-2: Foul Ball, location: 2F 3-2: Fly out, F8 (Flyball, 8LXD, EV 81.9 MPH)
|
Batting: LHB Esteban Sifuentes
|
0-0: Ball 1-0: Ball 2-0: Called Strike 2-1: Ball 3-1: Base on Balls Shiki Sanu to second
|
Batting: RHB Javier Sierra
|
0-0: Swinging Strike 0-1: Hit by Pitch Shiki Sanu to third Esteban Sifuentes to second
|
Batting: RHB Dong-young Won
|
0-0: Called Strike 0-1: Ball 1-1: Ball 2-1: Grounds into double play, 6-4-3 (Groundball, 6, EV 83.1 MPH)
|
Bottom of the 1st over - 0 runs, 1 hit, 0 errors, 2 left on base; Kingston Township 2 - San Mateo 0 |
TOP OF THE 2ND |
Kingston Township Knights batting - Pitching for San Mateo Dirty Reds : LHP Sylvain Richard
|
Batting: RHB Jorge Ozezera
|
0-0: Foul Ball, location: 2F 0-1: Ball 1-1: Foul Ball, location: 2F 1-2: Ball 2-2: Ground out 5-3 (Groundball, 56, EV 86.2 MPH)
|
Batting: RHB Dylan Oram
|
0-0: Ball 1-0: Foul Ball, location: 2F 1-1: Ball 2-1: Called Strike 2-2: Strikes out swinging
|
Batting: RHB Glenn Curtis
|
0-0: Called Strike 0-1: Ground out U3 (Groundball, 3, EV 94.4 MPH)
|
Top of the 2nd over - 0 runs, 0 hits, 0 errors, 0 left on base; Kingston Township 2 - San Mateo 0 |
BOTTOM OF THE 2ND |
San Mateo Dirty Reds batting - Pitching for Kingston Township Knights : RHP Jin-oong Mae
|
Batting: LHB Palaie Gaoteote
|
0-0: SOLO HOME RUN (Flyball, 89XD, EV 103.8 MPH), Distance : 411 ft
|
Batting: RHB Ambrose Watkins
|
0-0: Ball 1-0: Swinging Strike 1-1: Ball 2-1: Ball 3-1: Swinging Strike 3-2: Fly out, F6 (Popup, 6M, EV 62.5 MPH)
|
Batting: RHB Daniel MacKinder
|
0-0: DOUBLE (Line Drive, 89M, EV 103.8 MPH)
|
Batting: LHB Walker Ragland
|
0-0: Ball 1-0: Ball 2-0: SINGLE (Line Drive, 6D, EV 96.9 MPH) Daniel MacKinder to third
|
Batting: SHB Shiki Sanu
|
0-0: Called Strike 0-1: Ball 1-1: Ball 2-1: Fly out, F8 (Flyball, 8RM, EV 79.4 MPH) Runner from 3rd tags up, SCORES, throw by CF
|
Batting: RHB Kawenaula Alohalani
|
0-0: Ball 1-0: Swinging Strike 1-1: SINGLE (Line Drive, 78S, EV 98.1 MPH) Walker Ragland to second
|
Batting: LHB Esteban Sifuentes
|
0-0: Foul Ball, location: 2F 0-1: Ball 1-1: Ball 2-1: Foul Ball, location: 2F 2-2: Strikes out swinging
|
Bottom of the 2nd over - 2 runs, 4 hits, 0 errors, 2 left on base; Kingston Township 2 - San Mateo 2 |
TOP OF THE 3RD |
Kingston Township Knights batting - Pitching for San Mateo Dirty Reds : LHP Sylvain Richard
|
Batting: RHB Daniel McCoy
|
0-0: Called Strike 0-1: Swinging Strike 0-2: Ball 1-2: Strikes out swinging, 2-3 out at first.
|
Batting: RHB Amor Campos
|
0-0: Ground out 3-1 (Groundball, 34, EV 86.2 MPH)
|
Batting: RHB Tom Rowland
|
0-0: Ball 1-0: Ball 2-0: Ball 3-0: Ground out 6-3 (Groundball, 6, EV 80.6 MPH)
|
Top of the 3rd over - 0 runs, 0 hits, 0 errors, 0 left on base; Kingston Township 2 - San Mateo 2 |
BOTTOM OF THE 3RD |
San Mateo Dirty Reds batting - Pitching for Kingston Township Knights : RHP Jin-oong Mae
|
Batting: RHB Javier Sierra
|
0-0: Called Strike 0-1: Ball 1-1: Ball 2-1: Ball 3-1: Base on Balls
|
Batting: RHB Dong-young Won
|
0-0: Ball 1-0: Swinging Strike 1-1: Called Strike 1-2: Strikes out looking
|
Batting: LHB Palaie Gaoteote
|
0-0: Called Strike 0-1: Grounds into double play, 6-4-3 (Groundball, 6M, EV 87.5 MPH)
|
Bottom of the 3rd over - 0 runs, 0 hits, 0 errors, 0 left on base; Kingston Township 2 - San Mateo 2 |
TOP OF THE 4TH |
Kingston Township Knights batting - Pitching for San Mateo Dirty Reds : LHP Sylvain Richard
|
Batting: RHB Seong-ho Chong
|
0-0: SINGLE (Line Drive, 7S, EV 103.1 MPH)
|
Batting: RHB Dave Broom
|
0-0: Foul Ball, location: 2F 0-1: Ball 1-1: Ball 2-1: Called Strike 2-2: Foul Ball, location: 2F 2-2: Ball 3-2: Foul Ball, location: 2F 3-2: Strikes out swinging
|
Batting: LHB Ed Mellor
|
0-0: Ball 1-0: Fly out, F6 (Popup, 6M, EV 55.0 MPH)
|
Batting: RHB Jorge Ozezera
|
0-0: Ball 1-0: Ball 2-0: Ball 3-0: Base on Balls Seong-ho Chong to second
|
Batting: RHB Dylan Oram
|
0-0: Ball Passed Ball! Seong-ho Chong to third Jorge Ozezera to second 1-0: Called Strike 1-1: Foul Ball, location: 2F 1-2: Fly out, F8 (Flyball, 8RD, EV 98.8 MPH)
|
Top of the 4th over - 0 runs, 1 hit, 0 errors, 2 left on base; Kingston Township 2 - San Mateo 2 |
BOTTOM OF THE 4TH |
San Mateo Dirty Reds batting - Pitching for Kingston Township Knights : RHP Jin-oong Mae
|
Batting: RHB Ambrose Watkins
|
0-0: Ball 1-0: Ground out 6-3 (Groundball, 56, EV 99.4 MPH)
|
Batting: RHB Daniel MacKinder
|
0-0: Ball 1-0: Called Strike 1-1: Foul Ball, location: 2F 1-2: Fly out, F8 (Flyball, 89D, EV 90.6 MPH)
|
Batting: LHB Walker Ragland
|
0-0: Foul Ball, location: 2F 0-1: Called Strike 0-2: Foul Ball, location: 2F 0-2: Ground out 4-3 (Groundball, 4, EV 86.2 MPH)
|
Bottom of the 4th over - 0 runs, 0 hits, 0 errors, 0 left on base; Kingston Township 2 - San Mateo 2 |
TOP OF THE 5TH |
Kingston Township Knights batting - Pitching for San Mateo Dirty Reds : LHP Sylvain Richard
|
Batting: RHB Glenn Curtis
|
0-0: Ball 1-0: Foul Ball, location: 2F 1-1: Ball 2-1: SINGLE (Groundball, 6MD, EV 97.5 MPH)
|
Batting: RHB Daniel McCoy
|
0-0: Ball 1-0: Foul Ball, location: 2F 1-1: Ball 2-1: Ball 3-1: SINGLE (Groundball, 6MD, EV 105.6 MPH) Glenn Curtis to second Runner from 2nd tries for 3rd, SAFE, throw by CF made to third
|
Batting: RHB Amor Campos
|
0-0: Grounds into double play, 4-6-3 (Groundball, 4, EV 89.4 MPH) Glenn Curtis scores
|
Batting: RHB Tom Rowland
|
0-0: Called Strike 0-1: Called Strike 0-2: Foul Ball, location: 2F 0-2: Ball 1-2: Foul Ball, location: 2F 1-2: Foul Ball, location: 2F 1-2: Foul Ball, location: 2F 1-2: SINGLE (Groundball, 34D, EV 105.0 MPH)
|
Batting: RHB Seong-ho Chong
|
0-0: Called Strike 0-1: Ball 1-1: Ball 2-1: Ball 3-1: Foul Ball, location: 2F 3-2: Strikes out swinging
|
Top of the 5th over - 1 run, 3 hits, 0 errors, 1 left on base; Kingston Township 3 - San Mateo 2 |
BOTTOM OF THE 5TH |
San Mateo Dirty Reds batting - Pitching for Kingston Township Knights : RHP Jin-oong Mae
|
Batting: SHB Shiki Sanu
|
0-0: Called Strike 0-1: Ball 1-1: Ball 2-1: Called Strike 2-2: Foul Ball, location: 2F 2-2: Ball 3-2: Fly out, F7 (Flyball, 7D, EV 90.6 MPH)
|
Batting: RHB Kawenaula Alohalani
|
0-0: Ball 1-0: Called Strike 1-1: Ball 2-1: Foul Ball, location: 2F 2-2: DOUBLE (Groundball, 5L, EV 103.1 MPH)
|
Pinch Runner at 2nd Mulia Muljana:
|
|
Batting: LHB Esteban Sifuentes
|
0-0: Called Strike 0-1: Ball 1-1: Fly out, F7 (Flyball, 78M, EV 91.9 MPH)
|
Batting: RHB Javier Sierra
|
0-0: Called Strike 0-1: SINGLE (Groundball, 34D, EV 108.8 MPH) Mulia Muljana to third Runner from 3rd tries for Home, SAFE, throw by RF to home Javier Sierra to second
|
Batting: RHB Dong-young Won
|
0-0: Called Strike 0-1: Ball 1-1: Swinging Strike 1-2: Ground out 6-3 (Groundball, 6, EV 90.0 MPH)
|
Bottom of the 5th over - 1 run, 2 hits, 0 errors, 1 left on base; Kingston Township 3 - San Mateo 3 |
TOP OF THE 6TH |
Kingston Township Knights batting - Pitching for San Mateo Dirty Reds : LHP Sylvain Richard
|
Now at 3B: Jesús Gómez
|
|
Batting: RHB Dave Broom
|
0-0: Called Strike 0-1: Foul Ball, location: 2F 0-2: Strikes out looking
|
Pitching: RHP Rainer Ausmus
|
|
Batting: LHB Ed Mellor
|
0-0: Called Strike 0-1: Ball 1-1: Called Strike 1-2: Foul Ball, location: 2F 1-2: Ball 2-2: Ball 3-2: Foul Ball, location: 2F 3-2: Foul Ball, location: 2F 3-2: DOUBLE (Flyball, 89D, EV 93.8 MPH)
|
Pinch Runner at 2nd Khal Drogo:
|
|
Batting: RHB Jorge Ozezera
|
0-0: Ball 1-0: Ball 2-0: Ball 3-0: Base on Balls
|
Batting: RHB Dylan Oram
|
0-0: Ball 1-0: Called Strike 1-1: Ball 2-1: Foul Ball, location: 2F 2-2: Strikes out swinging
|
Batting: RHB Glenn Curtis
|
0-0: Ground out 1-3 (Groundball, 15S, EV 65.6 MPH)
|
Top of the 6th over - 0 runs, 1 hit, 0 errors, 2 left on base; Kingston Township 3 - San Mateo 3 |
BOTTOM OF THE 6TH |
San Mateo Dirty Reds batting - Pitching for Kingston Township Knights : RHP Jin-oong Mae
|
Batting: LHB Palaie Gaoteote
|
0-0: Swinging Strike 0-1: Ball 1-1: Called Strike 1-2: SOLO HOME RUN (Flyball, 9LD, EV 93.8 MPH), Distance : 327 ft
|
Batting: RHB Ambrose Watkins
|
0-0: Foul Ball, location: 2F 0-1: Foul Ball, location: 2F 0-2: Foul Ball, location: 2F 0-2: Ball 1-2: Ball 2-2: Strikes out looking
|
Batting: RHB Daniel MacKinder
|
0-0: Ball 1-0: Ball 2-0: Foul Ball, location: 2F 2-1: Foul Ball, location: 2F 2-2: Strikes out swinging
|
Batting: LHB Walker Ragland
|
0-0: Ball 1-0: Foul Ball, location: 2F 1-1: Foul Ball, location: 2F 1-2: Ball 2-2: Strikes out swinging
|
Bottom of the 6th over - 1 run, 1 hit, 0 errors, 0 left on base; Kingston Township 3 - San Mateo 4 |
TOP OF THE 7TH |
Kingston Township Knights batting - Pitching for San Mateo Dirty Reds : RHP Rainer Ausmus
|
Batting: RHB Daniel McCoy
|
0-0: Ball 1-0: Foul Ball, location: 2F 1-1: Swinging Strike 1-2: Strikes out swinging
|
Batting: RHB Amor Campos
|
0-0: Ball 1-0: Called Strike 1-1: Ball 2-1: DOUBLE (Line Drive, 9LM, EV 101.2 MPH)
|
Batting: RHB Tom Rowland
|
0-0: Ball 1-0: Foul Ball, location: 2F 1-1: Ball 2-1: Ball 3-1: Foul Ball, location: 2F 3-2: Strikes out swinging
|
Batting: RHB Seong-ho Chong
|
0-0: Called Strike 0-1: Ball 1-1: Foul Ball, location: 2F 1-2: Strikes out swinging
|
Top of the 7th over - 0 runs, 1 hit, 0 errors, 1 left on base; Kingston Township 3 - San Mateo 4 |
BOTTOM OF THE 7TH |
San Mateo Dirty Reds batting - Pitching for Kingston Township Knights : RHP Jin-oong Mae
|
Batting: SHB Shiki Sanu
|
0-0: Foul Ball, location: 2F 0-1: Ball 1-1: Foul Ball, location: 2F 1-2: Foul Ball, location: 2F 1-2: Foul Ball, location: 2F 1-2: Ball 2-2: Ball 3-2: Fly out, F8 (Flyball, 78M, EV 87.5 MPH)
|
Batting: RHB Jesús Gómez
|
0-0: Hit by Pitch
|
Pitching: RHP Jacob Messer
|
|
Batting: LHB Esteban Sifuentes
|
0-0: Called Strike Pickoff Throw to First - Error! E1 Jesús Gómez to second 0-1: Ball 1-1: Ground out 4-3 (Groundball, 34, EV 82.5 MPH) Jesús Gómez to third
|
Batting: RHB Javier Sierra
|
0-0: Fly out, F8 (Flyball, 8RS, EV 85.0 MPH)
|
Bottom of the 7th over - 0 runs, 0 hits, 1 error, 1 left on base; Kingston Township 3 - San Mateo 4 |
TOP OF THE 8TH |
Kingston Township Knights batting - Pitching for San Mateo Dirty Reds : RHP Rainer Ausmus
|
Batting: RHB Dave Broom
|
0-0: Ball 1-0: Ball 2-0: Ground out 6-3 (Groundball, 6, EV 85.0 MPH)
|
Batting: RHB Khal Drogo
|
0-0: Ball 1-0: Called Strike 1-1: Ball 2-1: Foul Ball, location: 2F 2-2: Strikes out looking
|
Batting: RHB Jorge Ozezera
|
0-0: Ball 1-0: Swinging Strike 1-1: Foul Ball, location: 2F 1-2: SINGLE (Groundball, 6MD, EV 96.2 MPH)
|
Pitching: RHP Jefferson Suhendro
|
|
Batting: RHB Dylan Oram
|
0-0: Foul Ball, location: 2F 0-1: Ball 1-1: Ground out 6-3 (Groundball, 56S, EV 66.9 MPH)
|
Top of the 8th over - 0 runs, 1 hit, 0 errors, 1 left on base; Kingston Township 3 - San Mateo 4 |
BOTTOM OF THE 8TH |
San Mateo Dirty Reds batting - Pitching for Kingston Township Knights : RHP Jacob Messer
|
Batting: RHB Dong-young Won
|
0-0: Ball 1-0: Ball 2-0: Called Strike 2-1: Ball 3-1: Base on Balls
|
Batting: LHB Palaie Gaoteote
|
0-0: Called Strike 0-1: SINGLE (Groundball, 34D, EV 100.0 MPH) Dong-young Won to second Runner from 2nd tries for 3rd, OUT! 9-5
|
Batting: RHB Ambrose Watkins
|
0-0: Ball 1-0: Ground out 6-3 (Groundball, 4MS, EV 80.6 MPH) Palaie Gaoteote to second
|
Batting: RHB Daniel MacKinder
|
0-0: Ground out 4-3 (Groundball, 4, EV 100.0 MPH)
|
Bottom of the 8th over - 0 runs, 1 hit, 0 errors, 1 left on base; Kingston Township 3 - San Mateo 4 |
TOP OF THE 9TH |
Kingston Township Knights batting - Pitching for San Mateo Dirty Reds : RHP Jefferson Suhendro
|
Now at 2B: Eugene Bowman
|
|
Now in LF: Paul Tate
|
|
Pinch Hitting: SHB Marcos Román
|
0-0: Ball 1-0: Called Strike 1-1: SINGLE (Line Drive, 9LM, EV 107.5 MPH)
|
Batting: RHB Daniel McCoy
|
0-0: Called Strike 0-1: Ball 1-1: Ball 2-1: Swinging Strike 2-2: Ball 3-2: Foul Ball, location: 2F 3-2: Base on Balls Marcos Román to second
|
Batting: RHB Amor Campos
|
0-0: Ball 1-0: Called Strike 1-1: Called Strike 1-2: Ball 2-2: Ball 3-2: Strikes out looking
|
Batting: RHB Tom Rowland
|
0-0: SINGLE (Groundball, 56D, EV 106.2 MPH) Marcos Román to third Daniel McCoy to second Runner from 3rd tries for Home, SAFE, throw by LF to home
|
Batting: RHB Seong-ho Chong
|
0-0: Called Strike 0-1: Foul Ball, location: 2F 0-2: Ball 1-2: Fly out, F9 (Flyball, 9S, EV 89.4 MPH)
|
Batting: RHB Dave Broom
|
0-0: Ground out 1-3 (Groundball, 34S, EV 91.9 MPH)
|
Top of the 9th over - 1 run, 2 hits, 0 errors, 2 left on base; Kingston Township 4 - San Mateo 4 |
BOTTOM OF THE 9TH |
San Mateo Dirty Reds batting - Pitching for Kingston Township Knights : RHP Jacob Messer
|
Now at 2B: Marcos Román
|
|
Batting: LHB Walker Ragland
|
0-0: Fly out, F7 (Flyball, 7S, EV 78.1 MPH)
|
Batting: RHB Eugene Bowman
|
0-0: Ball 1-0: Ground out 5-3 (Groundball, 5L, EV 82.5 MPH)
|
Pitching: LHP Dale Snider
|
|
Batting: RHB Jesús Gómez
|
0-0: Ball 1-0: Foul Ball, location: 2F 1-1: Ball 2-1: Ball 3-1: Swinging Strike 3-2: Foul Ball, location: 2F 3-2: Fly out, F7 (Flyball, 7LSF, EV 97.5 MPH)
|
Bottom of the 9th over - 0 runs, 0 hits, 0 errors, 0 left on base; Kingston Township 4 - San Mateo 4 |
TOP OF THE 10TH |
Kingston Township Knights batting - Pitching for San Mateo Dirty Reds : RHP Jefferson Suhendro
|
Batting: RHB Khal Drogo
|
0-0: Called Strike 0-1: Foul Ball, location: 2F 0-2: Fly out, F9 (Flyball, 9S, EV 93.8 MPH)
|
Batting: RHB Jorge Ozezera
|
0-0: Called Strike 0-1: Ball 1-1: Ball 2-1: SINGLE (Groundball, 6D, EV 101.2 MPH)
|
Pitching: RHP Matt Digby
|
|
Batting: RHB Dylan Oram
|
0-0: Grounds into double play, 6-4-3 (Groundball, 6, EV 101.2 MPH)
|
Top of the 10th over - 0 runs, 1 hit, 0 errors, 0 left on base; Kingston Township 4 - San Mateo 4 |
BOTTOM OF THE 10TH |
San Mateo Dirty Reds batting - Pitching for Kingston Township Knights : LHP Dale Snider
|
Pitching: LHP David Blake
|
|
Batting: LHB Esteban Sifuentes
|
0-0: Ball 1-0: Called Strike 1-1: Foul Ball, location: 2F 1-2: SINGLE (Line Drive, 6MD, EV 94.4 MPH)
|
Batting: RHB Paul Tate
|
0-0: Swinging Strike 0-1: Called Strike 0-2: Strikes out swinging
|
Batting: RHB Dong-young Won
|
0-0: Ball Pickoff Throw to First - Out! 1-3 1-0: Ground out 3-1 (Groundball, 34, EV 88.1 MPH)
|
Bottom of the 10th over - 0 runs, 1 hit, 0 errors, 0 left on base; Kingston Township 4 - San Mateo 4 |
TOP OF THE 11TH |
Kingston Township Knights batting - Pitching for San Mateo Dirty Reds : RHP Matt Digby
|
Batting: SHB Marcos Román
|
0-0: Ground out 4-3 (Groundball, 4, EV 87.5 MPH)
|
Batting: RHB Daniel McCoy
|
0-0: Fly out, F7 (Flyball, 78M, EV 93.8 MPH)
|
Batting: RHB Amor Campos
|
0-0: Called Strike 0-1: SINGLE (Groundball, 34D, EV 103.1 MPH)
|
Batting: RHB Tom Rowland
|
0-0: Ball 1-0: SINGLE (Groundball, 56D, EV 103.8 MPH) Amor Campos to second Runner from 2nd tries for 3rd, SAFE, no throw by LF
|
Batting: RHB Seong-ho Chong
|
0-0: Ball 1-0: Swinging Strike 1-1: Foul Ball, location: 2F 1-2: Ball 2-2: Foul Ball, location: 2F 2-2: Strikes out swinging
|
Top of the 11th over - 0 runs, 2 hits, 0 errors, 2 left on base; Kingston Township 4 - San Mateo 4 |
BOTTOM OF THE 11TH |
San Mateo Dirty Reds batting - Pitching for Kingston Township Knights : LHP David Blake
|
Batting: LHB Palaie Gaoteote
|
0-0: Ball 1-0: Ground out 4-3 (Groundball, 4, EV 108.1 MPH)
|
Batting: RHB Ambrose Watkins
|
0-0: SINGLE (Groundball, 4S, EV 81.2 MPH) (infield hit)
|
Batting: RHB Daniel MacKinder
|
0-0: Called Strike 0-1: Fly out, F6 (Line Drive, 6, EV 73.8 MPH)
|
Batting: LHB Walker Ragland
|
0-0: Ball 1-0: Swinging Strike 1-1: Foul Ball, location: 2F 1-2: Foul Ball, location: 2F 1-2: SINGLE (Groundball, 4MD, EV 103.8 MPH) Ambrose Watkins to second Runner from 2nd tries for 3rd, SAFE, no throw by CF
|
Batting: RHB Eugene Bowman
|
0-0: Ball Wild Pitch! Ambrose Watkins scores
|
|
Friday, March 26th, 2021 - OOTP Baseball 20.8 Build 74
|
|